 Dungeon Crawl Stone Soup version 0.21-a0-404-g291f19a (webtiles) character file.

9680 operationiv the Cleaver (level 11, -6/101 HPs)
             Began as a Minotaur Berserker on Oct 31, 2017.
             Was an Elder of Trog.
             Killed from afar by an electric eel (16 damage)
             ... with a bolt of electricity
             ... while paralysed
             ... on level 9 of the Dungeon.
             The game lasted 00:11:33 (8925 turns).

operationiv the Cleaver (Minotaur Berserker)        Turns: 8925, Time: 00:11:34

Health: -6/101     AC: 14    Str: 22    XL:     11   Next: 26%
Magic:  10/10      EV:  2    Int:  4    God:    Trog [****..]
Gold:   405        SH:  0    Dex: 15    Spells: 10/10 levels left

rFire    + . .     SeeInvis .   E - +0 battleaxe (curse)
rCold    . . .     Gourm    .   (shield currently unavailable)
rNeg     . . .     Faith    .   D - +0 plate armour
rPois    .         Spirit   .   (helmet restricted)
rElec    .         Reflect  +   (no cloak)
rCorr    .         Harm     .   (no gloves)
MR       .....     Rnd*Tele +   (no boots)
Stlth    ..........             j - +3 amulet of reflection
HPRegen  0.26/turn              m - ring of teleportation (curse)
MPRegen  0.12/turn              F - ring of protection from fire

@: paralysed, berserk cooldown, slowed, drained
A: retaliatory headbutt, horns 2, agile 1
a: Berserk, Trog's Hand, Brothers in Arms, Burn Spellbooks, Renounce Religion


You were on level 9 of the Dungeon.
You worshipped Trog.
Trog was greatly pleased with you.
You were very hungry.

You visited 1 branch of the dungeon, and saw 9 of its levels.

You collected 405 gold pieces.

Inventory:

Hand Weapons
 v - a +5 dire flail of protection
 y - a +2 vampiric hand axe
 A - a +4 war axe
 E - a cursed +0 battleaxe (weapon)
Armour
 D - a +0 plate armour (worn)
Jewellery
 b - an uncursed ring of protection from cold
 j - a +3 amulet of reflection (around neck)
 m - a cursed ring of teleportation (left hand)
 t - an uncursed ring of stealth
 F - a ring of protection from fire (right hand)
 J - an uncursed ring of protection from cold
 M - an uncursed amulet of guardian spirit {unknown}
 O - an uncursed ring of poison resistance {unknown}
 P - an uncursed ring of flight {unknown}
 Q - an uncursed ring of stealth
 W - a +4 ring of intelligence {unknown}
Wands
 l - a wand of flame (19/48)
 w - a wand of digging (11/24)
 H - a wand of random effects (35/48)
 R - a wand of clouds (3/9)
 X - a wand of digging (10/24)
Scrolls
 d - 4 scrolls of remove curse {unknown}
 e - 13 scrolls of identify {unknown}
 g - 2 scrolls of recharging {unknown}
 k - 4 scrolls of amnesia {unknown}
 n - 2 scrolls of blinking {unknown}
 o - 2 scrolls of teleportation {unknown}
 x - a scroll of enchant armour {unknown}
 z - a scroll of fear {unknown}
 B - 2 scrolls of immolation {unknown}
 C - a scroll of noise {unknown}
 G - a scroll of fog {unknown}
 K - a scroll of enchant weapon {unknown}
 L - a scroll of torment {unknown}
Potions
 a - a potion of haste {unknown}
 h - 4 potions of curing
 i - 2 potions of degeneration {unknown}
 q - a potion of flight {unknown}
 r - a potion of agility {unknown}
 s - a potion of lignification {unknown}
 u - a potion of berserk rage {unknown}
 I - a potion of mutation {unknown}
 T - a potion of magic {unknown}
 V - a potion of brilliance {unknown}
Books
 N - a book of Party Tricks

   Spells                             Type                      Level
   a - Summon Butterflies             Summoning                    1
   b - Apportation                    Translocation                1
   c - Lesser Beckoning               Translocation                3
   d - Tukima's Dance                 Hexes                        3
   e - Alistair's Intoxication        Transmutation/Poison         5
   f - Invisibility                   Hexes                        6
   Trog disapproves of the use of such an item.
 S - a book of Conjurations

   Spells                             Type                      Level
   a - Magic Dart                     Conjuration                  1
   b - Searing Ray                    Conjuration                  2
   c - Dazzling Spray                 Conjuration/Hexes            3
   d - Fulminant Prism                Conjuration/Hexes            4
   e - Force Lance                    Conjuration/Translocation    4
   f - Iskenderun's Mystic Blast      Conjuration                  4
   Trog disapproves of the use of such an item.
Comestibles
 c - 5 bread rations
 f - 7 meat rations
 p - 5 royal jellies


   Skills:
 + Level 10.4(10.1) Fighting
 * Level 12.9(12.6) Axes
 + Level 10.1(9.8) Armour
 + Level 9.2(8.9) Dodging


You had 10 spell levels left.
You didn't know any spells.

Dungeon Overview and Level Annotations

Branches:
Dungeon (9/15)             Temple (0/1) D:7
   Lair: D:8-11         Orc: D:9-12

Altars:
Ashenzari
Cheibriados
Dithmenos
Elyvilon
Hepliaklqana
Nemelex Xobeh
Qazlal
Ru
Wu Jian
Zin


Innate Abilities, Weirdness & Mutations

You reflexively headbutt those who attack you in melee.
You have a pair of horns on your head.
You are agile. (Dex +2)


Message History

The bolt of electricity misses you.
The electric eel shoots out a bolt of lightning at you!
The bolt of electricity misses you.
You feel a strong urge to attack something.
You feel your anger nearly subside.
You are no longer berserk.
You pass out from exhaustion.
You feel yourself slow down.
The electric eel shoots out a bolt of lightning at you!
The bolt of electricity hits you!
* * * LOW HITPOINT WARNING * * *
The electric eel shoots out a bolt of lightning at you!
The bolt of electricity hits you!
* * * LOW HITPOINT WARNING * * *
The bolt of electricity hits you!
* * * LOW HITPOINT WARNING * * *
The electric eel shoots out a bolt of lightning at you!
The bolt of electricity hits you!
* * * LOW HITPOINT WARNING * * *
The bolt of electricity hits you!
You die...

#.# #.# ######'#### #.#
......._...###########.##
...........'............######
...........###########........
...........#### #.#######
..............# #.#
...........##.########.#
######.......@.....##..#
#..≈≈≈≈≈.≈≈≈≈.##.##
#..≈≈≈≈;.≈≈≈≈.##.#
#..≈≈≈≈≈.≈≈≈≈.##.#
#..≈≈≈≈≈.≈≈≈≈.##.#
#........≈≈≈≈.##.####
#..≈≈;;.............####
#..≈≈≈≈.≈≈≈≈≈..........#
##.≈≈≈≈.≈≈≈≈≈.......##..


You could see 3 electric eels.

Vanquished Creatures
  5 two-headed ogres
  The ghost of THUG4L1F3 the Nimble, a novice TeBe of Trog (D:9)
  The ghost of qqqbard the Thaumaturge, a novice GrEE (D:8)
  Joseph (D:7)
  A troll (D:9)
  Grinder (D:6)
  Prince Ribbit (D:6)
  A hippogriff (D:8)
  A yak (D:7)
  3 hogs (D:7)
  2 hungry ghosts (D:8)
  Eustachio (D:4)
  A human (D:7)
  Menkaure (D:6)
  Edmund (D:4)
  Duvessa (D:4)
  3 orc warriors
  4 ice beasts
  A sky beast (D:4)
  A black bear (D:6)
  2 ogres (D:7)
  A centaur (D:8)
  A big kobold (D:8)
  2 scorpions
  Dowan (D:4)
  A howler monkey (D:5)
  11 wights (D:7)
  6 crimson imps
  A centaur zombie (D:7)
  8 hounds
  The ghost of CabalXD the Sneak, a weakling SpAs (D:3)
  4 orc priests
  4 iguanas
  A gnoll shaman (D:5)
  2 orc wizards
  5 worker ants
  2 hound zombies
  3 hound skeletons
  A worker ant zombie (D:7)
  Robin (D:2)
  5 gnolls (D:5)
  7 adders
  An adder zombie (D:6)
  An adder skeleton (D:6)
  2 worms
  8 leopard geckos
  19 orcs
  A ball python (D:3)
  4 giant cockroaches
  19 goblins
  6 hobgoblins
  6 jackals
  10 kobolds
  5 quokkas
  8 bats
  9 frilled lizards
  A jackal skeleton (D:5)
  5 rats
207 creatures vanquished.

Notes
Turn   | Place    | Note
-------+----------+-------------------------------------------
     0 | D:1      | operationiv the Minotaur Berserker began the quest for the Orb.
     0 | D:1      | Reached XP level 1. HP: 19/19 MP: 0/0
    84 | D:1      | Reached XP level 2. HP: 22/27 MP: 1/1
   158 | D:1      | Reached skill level 4 in Axes
   556 | D:2      | Reached XP level 3. HP: 15/33 MP: 2/2
   866 | D:2      | Reached ** piety under Trog
  1245 | D:2      | Noticed Robin
  1256 | D:2      | Killed Robin
  1256 | D:2      | Reached XP level 4. HP: 34/40 MP: 3/3
  1790 | D:3      | Found a shattered altar of Ashenzari.
  1934 | D:3      | Reached skill level 5 in Axes
  2082 | D:3      | Reached *** piety under Trog
  2101 | D:3      | Noticed CabalXD's ghost (weakling SpAs)
  2113 | D:3      | Killed CabalXD's ghost
  2113 | D:3      | Reached XP level 5. HP: 47/47 MP: 4/4
  2247 | D:4      | Noticed Duvessa
  2248 | D:4      | Noticed Dowan
  2253 | D:4      | Killed Dowan
  2255 | D:4      | HP: 2/70 [Duvessa/short sword (17)]
  2256 | D:4      | Killed Duvessa
  2256 | D:4      | Reached XP level 6. HP: 3/55 MP: 5/5
  2394 | D:4      | Reached skill level 6 in Axes
  2696 | D:4      | Noticed Eustachio
  2715 | D:4      | Killed Eustachio
  2715 | D:4      | Reached skill level 5 in Fighting
  2983 | D:4      | Noticed Edmund
  2995 | D:4      | Killed Edmund
  2995 | D:4      | Reached XP level 7. HP: 56/61 MP: 6/6
  3233 | D:4      | Reached skill level 5 in Armour
  3237 | D:4      | Gained mutation: You are agile. (Dex +2) [mutagenic meat]
  3565 | D:4      | Found a glowing silver altar of Zin.
  3565 | D:4      | Found a snail-covered altar of Cheibriados.
  3724 | D:5      | Entered Level 5 of the Dungeon
  3909 | D:5      | Reached skill level 5 in Dodging
  4058 | D:5      | Found a sparkling altar of Nemelex Xobeh.
  4155 | D:5      | Reached XP level 8. HP: 61/71 MP: 7/7
  4246 | D:5      | Reached **** piety under Trog
  4261 | D:5      | Reached skill level 7 in Axes
  4705 | D:6      | Noticed Menkaure
  4731 | D:6      | Killed Menkaure
  4996 | D:6      | Noticed Grinder
  5005 | D:6      | Killed Grinder
  5005 | D:6      | Reached skill level 8 in Axes
  5102 | D:6      | Found Jaror's Assorted Antiques.
  5411 | D:6      | Noticed Prince Ribbit
  5415 | D:6      | Found a stormy altar of Qazlal.
  5454 | D:6      | Killed Prince Ribbit
  5454 | D:6      | Reached XP level 9. HP: 29/79 MP: 8/8
  5873 | D:7      | Reached skill level 9 in Axes
  6100 | D:7      | Noticed Joseph
  6109 | D:7      | Killed Joseph
  6367 | D:7      | Noticed a two-headed ogre
  6377 | D:7      | Killed a two-headed ogre
  6377 | D:7      | Reached skill level 10 in Axes
  6887 | D:7      | Reached XP level 10. HP: 65/90 MP: 9/9
  6949 | D:7      | Reached skill level 11 in Axes
  7026 | D:7      | Found a staircase to the Ecumenical Temple.
  7115 | D:8      | Noticed a two-headed ogre
  7120 | D:8      | Killed a two-headed ogre
  7278 | D:8      | Found a shadowy altar of Dithmenos.
  7284 | D:8      | Noticed a two-headed ogre
  7287 | D:8      | Killed a two-headed ogre
  7340 | D:8      | Noticed qqqbard's ghost (novice GrEE)
  7347 | D:8      | Reached skill level 12 in Axes
  7364 | D:8      | Killed qqqbard's ghost
  7520 | D:8      | Reached skill level 10 in Fighting
  7563 | D:8      | Found a hazy altar of Hepliaklqana.
  7563 | D:8      | Found an ornate altar of the Wu Jian Council.
  7564 | D:8      | Found a white marble altar of Elyvilon.
  7569 | D:8      | Received a gift from Trog
  7640 | D:8      | Noticed a two-headed ogre
  7651 | D:8      | Killed a two-headed ogre
  7651 | D:8      | Reached XP level 11. HP: 46/99 MP: 10/10
  8112 | D:9      | Noticed a two-headed ogre
  8112 | D:9      | Noticed THUG4L1F3's ghost (novice TeBe)
  8173 | D:9      | Killed THUG4L1F3's ghost
  8562 | D:9      | Killed a two-headed ogre
  8562 | D:9      | Reached skill level 10 in Armour
  8842 | D:9      | Found a sacrificial altar of Ru.
  8925 | D:9      | Killed from afar by an electric eel

Vault maps used:
D:1:      minmay_arrival_stone_box, minivault_11
D:2:      first_bread, uniq_robin
D:3:      evilmike_ruin_ashenzari, serial_curves, eino_curves_04,
          eino_curves_01, eino_curves_01
D:4:      gammafunk_temple_overflow_elements, uniq_duvessa, uniq_eustachio,
          uniq_edmund
D:5:      kennysheep_little_box, eino_small_chamber_without_monster
D:6:      serial_shops, nicolae_shop_overgrown_old_shop,
          nicolae_qazlal_eye_of_the_storm, uniq_prince_ribbit1, uniq_grinder,
          uniq_menkaure
D:7:      lemuel_temple_firewalk_a, grunt_livestock, minmay_crossroads,
          uniq_joseph
D:8:      grunt_dithmenos_smoke_and_mirrors, gammafunk_temple_overflow_claw
D:9:      overflow_temple_1_default, minivault_14

Skill      XL: |  1  2  3  4  5  6  7  8  9 10 11 |
---------------+----------------------------------+-----
Axes           | 4 5 6 8 10 12 | 12.9
Fighting       | 4 5 6 7 8 10 | 10.4
Armour         | 3 4 6 7 8 9 10 | 10.1
Dodging        | 3 4 5 6 7 9 |  9.2

Action                   |  1- 3 |  4- 6 |  7- 9 | 10-12 || total
-------------------------+-------+-------+-------+-------++-------
Melee: Hand axe          |    74 |    81 |    67 |       ||   222
       Headbutt          |    14 |    14 |    55 |    36 ||   119
       Dire flail        |       |       |    80 |       ||    80
       Battleaxe         |       |       |   137 |   135 ||   272
Invok: Berserk           |     1 |     4 |     4 |     5 ||    14
       Trog's Hand       |       |       |     3 |     3 ||     6
  Use: Potion            |       |       |     2 |     1 ||     3
 Stab: Sleeping          |     1 |     1 |     2 |       ||     4
  Eat: Chunk             |     1 |     9 |    15 |     9 ||    34
       Bread ration      |       |       |     2 |       ||     2
       Fruit             |       |       |       |     2 ||     2
       Royal jelly       |       |       |       |     2 ||     2
Armor: Animal skin       |     5 |    11 |    26 |       ||    42
       Plate armour      |       |       |    93 |    72 ||   165
       Chain mail        |       |       |    17 |       ||    17
Dodge: Dodged            |    37 |    50 |   161 |    74 ||   322
Block: Other             |       |       |    30 |    13 ||    43

Table legend:
 A = Spawn XP
 B = Non-spawn XP
 C = Spawn XP percentage of total XP
 D = Spawn monster count
 E = Non-spawn monster count
 F = Spawn count percentage of total count
 G = Total turns spent on level
                    A         B        C        D         E        F      G
               +---------+---------+-------+---------+---------+-------+---------
         Total |       0 |   13829 |   0.0 |       0 |     207 |   0.0 |  8925
               +---------+---------+-------+---------+---------+-------+---------
           D:1 |       0 |      30 |   0.0 |       0 |      18 |   0.0 |   549
           D:2 |       0 |      84 |   0.0 |       0 |      30 |   0.0 |   921
           D:3 |       0 |      93 |   0.0 |       0 |      20 |   0.0 |   763
           D:4 |       0 |     872 |   0.0 |       0 |      25 |   0.0 |  1491
           D:5 |       0 |     541 |   0.0 |       0 |      24 |   0.0 |   952
           D:6 |       0 |    1279 |   0.0 |       0 |      22 |   0.0 |  1150
           D:7 |       0 |    3639 |   0.0 |       0 |      31 |   0.0 |  1237
           D:8 |       0 |    5017 |   0.0 |       0 |      26 |   0.0 |  1000
           D:9 |       0 |    2274 |   0.0 |       0 |      11 |   0.0 |   862
               +---------+---------+-------+---------+---------+-------+---------
